TOP OF THE 1ST |
Clemson Tigers batting - Pitching for Texas Christian Horned Frogs : LHP Carlos González
|
Pitching: LHP Carlos González
|
|
Batting: LHB Aaron Thompson
|
0-0: Ball 1-0: Ball 2-0: Ball 3-0: Called Strike 3-1: Called Strike 3-2: Base on Balls
|
Batting: RHB Samuel Eaton
|
0-0: Ball 1-0: Called Strike 1-1: 2-RUN HOME RUN (Line Drive, 78XD), Distance : 439 ft
|
Batting: LHB Frank Vázquez
|
0-0: Called Strike 0-1: Foul Ball, location: 2F 0-2: Strikes out swinging
|
Batting: RHB Leonard Harris
|
0-0: Foul Ball, location: 2F 0-1: Ball 1-1: Foul Ball, location: 2F 1-2: Ball 2-2: Ball 3-2: SINGLE (Line Drive, 8LS)
|
Batting: LHB Peter Puckett
|
0-0: Ball 1-0: Foul Ball, location: 2F 1-1: Ball 2-1: Ball 3-1: Called Strike 3-2: Foul Ball, location: 2F 3-2: Base on Balls Leonard Harris to second
|
Batting: RHB Henry Gregory
|
0-0: Ball 1-0: SINGLE (Groundball, 6MD) Leonard Harris to third Peter Puckett to second
|
Batting: LHB Bob Huerta
|
0-0: Fly out, F8 (Flyball, 8LM) Runner from 3rd tags up, SCORES, no throw
|
Batting: LHB Wilson Turner
|
0-0: Called Strike 0-1: Foul Ball, location: 2F 0-2: Foul Ball, location: 2F 0-2: Ground out 1-3 (Groundball, 13S)
|
Top of the 1st over - 3 run(s), 3 hit(s), 0 error(s), 2 left on base; Clemson 3 - Texas Christian 0 |
BOTTOM OF THE 1ST |
Texas Christian Horned Frogs batting - Pitching for Clemson Tigers : RHP Eric MacCormck
|
Pitching: RHP Eric MacCormck
|
|
Batting: RHB Domingo Laydón
|
0-0: Ball 1-0: Called Strike 1-1: Called Strike 1-2: Foul Ball, location: 2F 1-2: Ball 2-2: Foul Ball, location: 2F 2-2: Ball 3-2: Ground out 1-3 (Groundball, 15)
|
Batting: RHB Stan Webb
|
0-0: Ball 1-0: Ground out 6-3 (Groundball, 6)
|
Batting: LHB Winston Lewis
|
0-0: Called Strike 0-1: Foul Ball, location: 2F 0-2: Ball 1-2: Foul Ball, location: 2F 1-2: Strikes out swinging
|
Bottom of the 1st over - 0 run(s), 0 hit(s), 0 error(s), 0 left on base; Clemson 3 - Texas Christian 0 |
TOP OF THE 2ND |
Clemson Tigers batting - Pitching for Texas Christian Horned Frogs : LHP Carlos González
|
Batting: RHB Wayne Scott
|
0-0: Ball 1-0: Foul Ball, location: 2F 1-1: Ball 2-1: Swinging Strike 2-2: Ground out 4-3 (Groundball, 4)
|
Batting: LHB Aaron Thompson
|
0-0: Ball 1-0: Foul Ball, location: 2F 1-1: Ball 2-1: Ball 3-1: Called Strike 3-2: Fly out, F2 (Popup, P)
|
Batting: RHB Samuel Eaton
|
0-0: Called Strike 0-1: Ball 1-1: Ball 2-1: Foul Ball, location: 2F 2-2: Foul Ball, location: 2F 2-2: Ball 3-2: Foul Ball, location: 2F 3-2: Base on Balls
|
Batting: LHB Frank Vázquez
|
0-0: Ball 1-0: Swinging Strike 1-1: Swinging Strike 1-2: Strikes out swinging
|
Top of the 2nd over - 0 run(s), 0 hit(s), 0 error(s), 1 left on base; Clemson 3 - Texas Christian 0 |
BOTTOM OF THE 2ND |
Texas Christian Horned Frogs batting - Pitching for Clemson Tigers : RHP Eric MacCormck
|
Batting: RHB Brad Ravenshaw
|
0-0: Fly out, F9 (Flyball, 9S)
|
Batting: LHB Paul Lee
|
0-0: Ball 1-0: Ball 2-0: Ball 3-0: Called Strike 3-1: Foul Ball, location: 2F 3-2: Base on Balls
|
Batting: LHB Todd Gilliam
|
0-0: Foul Ball, location: 2F 0-1: Ball 1-1: Ball 2-1: Called Strike 2-2: SINGLE (Line Drive, 4M) Paul Lee to second
|
Batting: LHB Russell Ewing
|
0-0: Ball 1-0: Ball 2-0: Ball 3-0: Base on Balls Paul Lee to third Todd Gilliam to second
|
Batting: RHB Jeff Byford
|
0-0: Ball 1-0: Ball 2-0: Called Strike 2-1: Called Strike 2-2: Ball 3-2: Fly out, F8 (Flyball, 8RM) Runner from 3rd tags up, SCORES, no throw
|
Batting: SHB Ron Winston
|
0-0: Ball 1-0: Ball 2-0: Called Strike 2-1: Foul Ball, location: 2F 2-2: SINGLE (Line Drive, 89S) Todd Gilliam to third Russell Ewing to second Runner from 3rd tries for Home, SAFE, no throw
|
Batting: RHB Domingo Laydón
|
0-0: Fielders Choice at 2nd, 5-4 (Groundball, 56)
|
Bottom of the 2nd over - 2 run(s), 2 hit(s), 0 error(s), 1 left on base; Clemson 3 - Texas Christian 2 |
TOP OF THE 3RD |
Clemson Tigers batting - Pitching for Texas Christian Horned Frogs : LHP Carlos González
|
Batting: RHB Leonard Harris
|
0-0: Ball 1-0: Foul Ball, location: 2F 1-1: Foul Ball, location: 2F 1-2: Foul Ball, location: 2F 1-2: Ball 2-2: Foul Ball, location: 2F 2-2: SINGLE (Groundball, 4MD)
|
Batting: LHB Peter Puckett
|
0-0: Ball 1-0: Ball 2-0: Ball 3-0: Base on Balls Leonard Harris to second
|
Batting: RHB Henry Gregory
|
0-0: SINGLE (Line Drive, 89S) Leonard Harris to third Peter Puckett to second
|
Batting: LHB Bob Huerta
|
0-0: Ball 1-0: Ball 2-0: Called Strike 2-1: Swinging Strike 2-2: Foul Ball, location: 2F 2-2: Ball 3-2: Base on Balls Leonard Harris scores Peter Puckett to third Henry Gregory to second
|
Batting: LHB Wilson Turner
|
0-0: Hit by Pitch Peter Puckett scores Henry Gregory to third Bob Huerta to second
|
Batting: RHB Wayne Scott
|
0-0: Called Strike 0-1: Foul Ball, location: 2F 0-2: Fly out, F6 (Popup, 56D)
|
Batting: LHB Aaron Thompson
|
0-0: Ball 1-0: Fly out, F7 (Flyball, 7S)
|
Pitching: LHP Liam Frison
|
|
Batting: RHB Samuel Eaton
|
0-0: Ball 1-0: Ball 2-0: GRAND SLAM HOME RUN (Flyball, 9D), Distance : 361 ft
|
Batting: LHB Frank Vázquez
|
0-0: Foul Ball, location: 2F 0-1: Ball 1-1: Ball 2-1: Foul Ball, location: 2F 2-2: Ball 3-2: Foul Ball, location: 2F 3-2: Fly out, F7 (Flyball, 7)
|
Top of the 3rd over - 6 run(s), 3 hit(s), 0 error(s), 0 left on base; Clemson 9 - Texas Christian 2 |
BOTTOM OF THE 3RD |
Texas Christian Horned Frogs batting - Pitching for Clemson Tigers : RHP Eric MacCormck
|
Batting: RHB Stan Webb
|
0-0: Ball 1-0: Ball 2-0: Ball 3-0: Base on Balls
|
Batting: LHB Winston Lewis
|
0-0: Called Strike 0-1: Ball 1-1: Fly out, F8 (Flyball, 8LM)
|
Batting: RHB Brad Ravenshaw
|
0-0: Ball 1-0: SINGLE (Groundball, 34D) Stan Webb to second Runner from 2nd tries for 3rd, SAFE, throw made to third Brad Ravenshaw to second
|
Batting: LHB Paul Lee
|
0-0: Ball 1-0: Ball 2-0: Called Strike 2-1: Fly out, F9 (Flyball, 9) Runner from 3rd tags up, SCORES, throw made
|
Batting: LHB Todd Gilliam
|
0-0: Ball 1-0: Ball 2-0: Ball 3-0: Called Strike 3-1: Reached on error, E6 (Groundball, 56) Brad Ravenshaw to third
|
Batting: LHB Russell Ewing
|
0-0: Ground out 4-3 (Groundball, 34)
|
Bottom of the 3rd over - 1 run(s), 1 hit(s), 1 error(s), 2 left on base; Clemson 9 - Texas Christian 3 |
TOP OF THE 4TH |
Clemson Tigers batting - Pitching for Texas Christian Horned Frogs : LHP Liam Frison
|
Batting: RHB Leonard Harris
|
0-0: Ball 1-0: Ball 2-0: Ball 3-0: Base on Balls
|
Batting: LHB Peter Puckett
|
0-0: Foul Ball, location: 2F 0-1: Foul Ball, location: 2F 0-2: Foul Ball, location: 2F 0-2: Ball 1-2: Ball 2-2: SINGLE (Line Drive, 89S) Leonard Harris to second
|
Batting: RHB Henry Gregory
|
0-0: Foul Ball, location: 2F 0-1: Called Strike 0-2: Foul Ball, location: 2F 0-2: Ball 1-2: Ball 2-2: Foul Ball, location: 2F 2-2: Foul Ball, location: 2F 2-2: Ball 3-2: Foul Ball, location: 2F 3-2: Base on Balls Leonard Harris to third Peter Puckett to second
|
Batting: LHB Bob Huerta
|
0-0: Called Strike 0-1: Called Strike 0-2: Foul Ball, location: 2F 0-2: Fielders Choice at 2nd, 6-4 (Groundball, 6) Leonard Harris scores Peter Puckett to third
|
Batting: LHB Wilson Turner
|
0-0: Foul Ball, location: 2F 0-1: SINGLE (Line Drive, 34D) Peter Puckett scores Bob Huerta to second
|
Pitching: RHP Max Shepard
|
|
Batting: RHB Wayne Scott
|
0-0: Called Strike 0-1: Grounds into double play, 6-4-3 (Groundball, 56)
|
Top of the 4th over - 2 run(s), 2 hit(s), 0 error(s), 1 left on base; Clemson 11 - Texas Christian 3 |
BOTTOM OF THE 4TH |
Texas Christian Horned Frogs batting - Pitching for Clemson Tigers : RHP Eric MacCormck
|
Batting: RHB Jeff Byford
|
0-0: Ball 1-0: Called Strike 1-1: Swinging Strike 1-2: Strikes out swinging
|
Batting: SHB Ron Winston
|
0-0: SINGLE (Line Drive, 8LM)
|
Batting: RHB Domingo Laydón
|
0-0: Called Strike 0-1: Called Strike 0-2: Fly out, F9 (Flyball, 9S)
|
Batting: RHB Stan Webb
|
0-0: Foul Ball, location: 2F 0-1: Foul Ball, location: 2F 0-2: Foul Ball, location: 2F 0-2: Ball 1-2: Ground out 4-3 (Groundball, 4)
|
Bottom of the 4th over - 0 run(s), 1 hit(s), 0 error(s), 1 left on base; Clemson 11 - Texas Christian 3 |
TOP OF THE 5TH |
Clemson Tigers batting - Pitching for Texas Christian Horned Frogs : RHP Max Shepard
|
Batting: LHB Aaron Thompson
|
0-0: Foul Ball, location: 2F 0-1: Fly out, F2 (Popup, 3S)
|
Batting: RHB Samuel Eaton
|
0-0: Ball 1-0: Ball 2-0: Called Strike 2-1: Ball 3-1: Base on Balls
|
Batting: LHB Frank Vázquez
|
0-0: Swinging Strike 0-1: Ball 1-1: Ball 2-1: Foul Ball, location: 2F 2-2: Foul Ball, location: 2F 2-2: Foul Ball, location: 2F 2-2: Ball 3-2: Base on Balls Samuel Eaton to second
|
Batting: RHB Leonard Harris
|
0-0: Foul Ball, location: 2F 0-1: Foul Ball, location: 2F 0-2: Ball 1-2: Foul Ball, location: 2F 1-2: Ball 2-2: Foul Ball, location: 2F 2-2: Ball 3-2: SINGLE (Groundball, 6D) Samuel Eaton to third Frank Vázquez to second Runner from 3rd tries for Home, SAFE, throw made at trailing runner, SAFE at third!
|
Batting: LHB Peter Puckett
|
0-0: Called Strike 0-1: Called Strike 0-2: Strikes out looking
|
Batting: RHB Henry Gregory
|
0-0: Ball 1-0: Foul Ball, location: 2F 1-1: DOUBLE (Flyball, 89M) Frank Vázquez scores Leonard Harris to third Runner from 3rd tries for Home, SAFE, no throw
|
Pitching: LHP Richard Warren
|
|
Batting: LHB Bob Huerta
|
0-0: Ball 1-0: Swinging Strike 1-1: SINGLE (Groundball, 6MD) Henry Gregory to third Runner from 3rd tries for Home, SAFE, throw made home Bob Huerta to second
|
Batting: LHB Wilson Turner
|
0-0: Ball 1-0: Ball 2-0: Called Strike 2-1: Foul Ball, location: 2F 2-2: 2-RUN HOME RUN (Flyball, 9D), Distance : 372 ft
|
Batting: RHB Wayne Scott
|
0-0: DOUBLE (Flyball, 89D)
|
Batting: LHB Aaron Thompson
|
0-0: Foul Ball, location: 2F 0-1: Ball 1-1: Called Strike 1-2: Strikes out swinging
|
Top of the 5th over - 6 run(s), 5 hit(s), 0 error(s), 1 left on base; Clemson 17 - Texas Christian 3 |
BOTTOM OF THE 5TH |
Texas Christian Horned Frogs batting - Pitching for Clemson Tigers : RHP Eric MacCormck
|
Batting: LHB Winston Lewis
|
0-0: Ground out U3 (Groundball, 3)
|
Batting: RHB Brad Ravenshaw
|
0-0: Called Strike 0-1: Ball 1-1: SOLO HOME RUN (Line Drive, 7LD), Distance : 395 ft
|
Batting: LHB Paul Lee
|
0-0: Ball 1-0: SOLO HOME RUN (Line Drive, 9D), Distance : 364 ft
|
Pitching: RHP Oscar Martin
|
|
Batting: LHB Todd Gilliam
|
0-0: Ball 1-0: Ball 2-0: Ball 3-0: Base on Balls
|
Batting: LHB Russell Ewing
|
0-0: Ball 1-0: Ball 2-0: SINGLE (Flyball, 8LS) Todd Gilliam to second Runner from 2nd tries for 3rd, SAFE, throw made to third Russell Ewing to second
|
Batting: RHB Jeff Byford
|
0-0: Called Strike 0-1: Called Strike 0-2: Ball 1-2: Strikes out swinging
|
Batting: SHB Ron Winston
|
0-0: Ball 1-0: SINGLE (Line Drive, 34D) Todd Gilliam scores Russell Ewing to third
|
Batting: RHB Domingo Laydón
|
0-0: Called Strike 0-1: Swinging Strike 0-2: Fielders Choice at 2nd, 5-4 (Groundball, 5)
|
Bottom of the 5th over - 3 run(s), 4 hit(s), 0 error(s), 1 left on base; Clemson 17 - Texas Christian 6 |
TOP OF THE 6TH |
Clemson Tigers batting - Pitching for Texas Christian Horned Frogs : LHP Richard Warren
|
Batting: RHB Samuel Eaton
|
0-0: Called Strike 0-1: Swinging Strike 0-2: Ball 1-2: Reaches on Catchers interference
|
Batting: LHB Frank Vázquez
|
0-0: Called Strike 0-1: Foul Ball, location: 2F 0-2: Strikes out looking
|
Batting: RHB Leonard Harris
|
0-0: Foul Ball, location: 2F 0-1: Ball 1-1: Ball 2-1: Foul Ball, location: 2F 2-2: Ball 3-2: Fly out, F6 (Line Drive, 6)
|
Batting: LHB Peter Puckett
|
0-0: Called Strike 0-1: Ball 1-1: Ball 2-1: Foul Ball, location: 2F 2-2: Ball 3-2: Foul Ball, location: 2F 3-2: Foul Ball, location: 2F 3-2: DOUBLE (Line Drive, 78M) Samuel Eaton to third Samuel Eaton scores
|
Pitching: LHP Bob Watkins
|
|
Batting: RHB Henry Gregory
|
0-0: Ball 1-0: Called Strike 1-1: Ball 2-1: SINGLE (Line Drive, 34D) Peter Puckett to third
|
Batting: LHB Bob Huerta
|
0-0: SINGLE (Groundball, 5S) (infield hit) Peter Puckett scores Henry Gregory to second
|
Batting: LHB Wilson Turner
|
0-0: Ball 1-0: Called Strike 1-1: Ball 2-1: Ball 3-1: Called Strike 3-2: Base on Balls Henry Gregory to third Bob Huerta to second
|
Batting: RHB Wayne Scott
|
0-0: Ball 1-0: Foul Ball, location: 2F 1-1: Ball 2-1: Ball 3-1: Swinging Strike 3-2: Foul Ball, location: 2F 3-2: Base on Balls Henry Gregory scores Bob Huerta to third Wilson Turner to second
|
Batting: LHB Aaron Thompson
|
0-0: Called Strike 0-1: Foul Ball, location: 2F 0-2: Strikes out swinging
|
Top of the 6th over - 3 run(s), 3 hit(s), 1 error(s), 3 left on base; Clemson 20 - Texas Christian 6 |
BOTTOM OF THE 6TH |
Texas Christian Horned Frogs batting - Pitching for Clemson Tigers : RHP Oscar Martin
|
Batting: RHB Stan Webb
|
0-0: Ball 1-0: Foul Ball, location: 2F 1-1: Foul Ball, location: 2F 1-2: Ball 2-2: SINGLE (Groundball, 6D)
|
Batting: LHB Winston Lewis
|
0-0: Foul Ball, location: 2F 0-1: Called Strike 0-2: Foul Ball, location: 2F 0-2: Foul Ball, location: 2F 0-2: Foul Ball, location: 2F 0-2: Foul Ball, location: 2F 0-2: Fly out, F7 (Flyball, 78M)
|
Batting: RHB Brad Ravenshaw
|
0-0: SINGLE (Line Drive, 78S) Stan Webb to second
|
Batting: LHB Paul Lee
|
0-0: Swinging Strike 0-1: Ground out 6-3 (Groundball, 6M) Stan Webb to third Brad Ravenshaw to second
|
Batting: LHB Todd Gilliam
|
0-0: Called Strike 0-1: Swinging Strike 0-2: Fly out, F5 (Line Drive, 56S)
|
Bottom of the 6th over - 0 run(s), 2 hit(s), 0 error(s), 2 left on base; Clemson 20 - Texas Christian 6 |
TOP OF THE 7TH |
Clemson Tigers batting - Pitching for Texas Christian Horned Frogs : LHP Bob Watkins
|
Batting: RHB Samuel Eaton
|
0-0: Ball 1-0: Ball 2-0: Foul Ball, location: 2F 2-1: Called Strike 2-2: Fly out, F4 (Popup, 4MD)
|
Batting: LHB Frank Vázquez
|
0-0: Called Strike 0-1: Foul Ball, location: 2F 0-2: Ball 1-2: Ball 2-2: Single, Error in OF, E9, batter to second base
|
Batting: RHB Leonard Harris
|
0-0: Foul Ball, location: 2F 0-1: Ball 1-1: Foul Ball, location: 2F 1-2: Strikes out looking
|
Batting: LHB Peter Puckett
|
0-0: Ball 1-0: Foul Ball, location: 2F 1-1: Called Strike 1-2: Hit by Pitch
|
Batting: RHB Henry Gregory
|
0-0: Ball 1-0: Reached on error, E8 (Flyball, 8RM) Frank Vázquez scores Peter Puckett to third
|
Batting: LHB Bob Huerta
|
0-0: Foul Ball, location: 2F 0-1: Foul Ball, location: 2F 0-2: Ball 1-2: Foul Ball, location: 2F 1-2: Ball 2-2: Ground out 6-3 (Groundball, 6)
|
Top of the 7th over - 1 run(s), 1 hit(s), 2 error(s), 2 left on base; Clemson 21 - Texas Christian 6 |
BOTTOM OF THE 7TH |
Texas Christian Horned Frogs batting - Pitching for Clemson Tigers : RHP Oscar Martin
|
Batting: LHB Russell Ewing
|
0-0: Swinging Strike 0-1: Ball 1-1: Ball 2-1: Foul Ball, location: 2F 2-2: Ball 3-2: Base on Balls
|
Batting: RHB Jeff Byford
|
0-0: Ball 1-0: Fly out, F7 (Flyball, 78M)
|
Batting: SHB Ron Winston
|
0-0: Fly out, F8 (Flyball, 8RS)
|
Batting: RHB Domingo Laydón
|
0-0: Called Strike 0-1: Called Strike 0-2: Ball 1-2: Strikes out swinging
|
Bottom of the 7th over - 0 run(s), 0 hit(s), 0 error(s), 1 left on base; Clemson 21 - Texas Christian 6 |
TOP OF THE 8TH |
Clemson Tigers batting - Pitching for Texas Christian Horned Frogs : LHP Bob Watkins
|
Batting: LHB Wilson Turner
|
0-0: Ball 1-0: Ball 2-0: Ball 3-0: Called Strike 3-1: Foul Ball, location: 2F 3-2: Ground out 6-3 (Groundball, 6S)
|
Batting: RHB Wayne Scott
|
0-0: Called Strike 0-1: Called Strike 0-2: Ground out 6-3 (Groundball, 6)
|
Pinch Hitting: SHB Jesse Brown
|
0-0: Foul Ball, location: 2F 0-1: Ball 1-1: Foul Ball, location: 2F 1-2: Foul Ball, location: 2F 1-2: Ball 2-2: SINGLE (Groundball, 34D)
|
Batting: RHB Samuel Eaton
|
0-0: Swinging Strike 0-1: Fly out, F9 (Flyball, 9S)
|
Top of the 8th over - 0 run(s), 1 hit(s), 0 error(s), 1 left on base; Clemson 21 - Texas Christian 6 |
BOTTOM OF THE 8TH |
Texas Christian Horned Frogs batting - Pitching for Clemson Tigers : RHP Oscar Martin
|
Pitching: RHP Jaime Molaya
|
|
Now in RF: Jesse Brown
|
|
Batting: RHB Stan Webb
|
0-0: Ball 1-0: Ball 2-0: Foul Ball, location: 2F 2-1: Foul Ball, location: 2F 2-2: Foul Ball, location: 2F 2-2: Ball 3-2: Base on Balls
|
Batting: LHB Winston Lewis
|
0-0: Ball 1-0: Ball 2-0: Ball 3-0: Base on Balls Stan Webb to second
|
Batting: RHB Brad Ravenshaw
|
0-0: DOUBLE (Line Drive, 7LM) Stan Webb scores Winston Lewis to third
|
Batting: LHB Paul Lee
|
0-0: Ball 1-0: Ball 2-0: Fly out, F7 (Flyball, 7LS)
|
Batting: LHB Todd Gilliam
|
0-0: Swinging Strike 0-1: Swinging Strike 0-2: Ball 1-2: Strikes out looking
|
Batting: LHB Russell Ewing
|
0-0: Called Strike 0-1: Foul Ball, location: 2F 0-2: SINGLE (Line Drive, 89S) Winston Lewis scores Brad Ravenshaw to third Runner from 3rd tries for Home, throw and OUT!
|
Bottom of the 8th over - 2 run(s), 2 hit(s), 0 error(s), 1 left on base; Clemson 21 - Texas Christian 8 |
TOP OF THE 9TH |
Clemson Tigers batting - Pitching for Texas Christian Horned Frogs : LHP Bob Watkins
|
Pitching: RHP Dick Davis
|
|
Pinch Hitting: RHB Gilbert Chapman
|
0-0: Ball 1-0: Called Strike 1-1: Foul Ball, location: 2F 1-2: Foul Ball, location: 2F 1-2: Strikes out swinging, 2-3 out at first.
|
Batting: RHB Leonard Harris
|
0-0: Ball 1-0: Ball 2-0: Called Strike 2-1: Called Strike 2-2: Ball 3-2: Strikes out swinging
|
Pitching: RHP Hsin-pei Hong
|
|
Batting: LHB Peter Puckett
|
0-0: Ball 1-0: Foul Ball, location: 2F 1-1: Ball 2-1: Swinging Strike 2-2: Ball 3-2: Foul Ball, location: 2F 3-2: Base on Balls
|
Batting: RHB Henry Gregory
|
0-0: Called Strike 0-1: Single, Error in OF, E9, batter to second base Peter Puckett to third
|
Batting: LHB Bob Huerta
|
0-0: Ball 1-0: Called Strike 1-1: Ball 2-1: Ball 3-1: Called Strike 3-2: Foul Ball, location: 2F 3-2: Foul Ball, location: 2F 3-2: Base on Balls
|
Batting: LHB Wilson Turner
|
0-0: Called Strike 0-1: SINGLE (Line Drive, 89M) Peter Puckett scores Henry Gregory to third Bob Huerta to second Runner from 3rd tries for Home, SAFE, no throw
|
Batting: RHB Wayne Scott
|
0-0: Swinging Strike 0-1: Foul Ball, location: 2F 0-2: Ball 1-2: Ball 2-2: Strikes out swinging
|
Top of the 9th over - 2 run(s), 2 hit(s), 1 error(s), 2 left on base; Clemson 23 - Texas Christian 8 |
BOTTOM OF THE 9TH |
Texas Christian Horned Frogs batting - Pitching for Clemson Tigers : RHP Jaime Molaya
|
Now at 1B: Tom Harris
|
|
Batting: RHB Jeff Byford
|
0-0: Ball 1-0: Called Strike 1-1: Swinging Strike 1-2: Foul Ball, location: 2F 1-2: Ball 2-2: Strikes out swinging
|
Batting: SHB Ron Winston
|
0-0: Ball 1-0: Foul Ball, location: 2F 1-1: Ball 2-1: SOLO HOME RUN (Flyball, 9D), Distance : 384 ft
|
Batting: RHB Domingo Laydón
|
0-0: Foul Ball, location: 2F 0-1: Called Strike 0-2: Fly out, F5 (Popup, 56)
|
Batting: RHB Stan Webb
|
0-0: Called Strike 0-1: DOUBLE (Line Drive, 7LM)
|
Batting: LHB Winston Lewis
|
0-0: Ball 1-0: SINGLE (Groundball, 4MD) Stan Webb to third Runner from 3rd tries for Home, SAFE, no throw
|
Pitching: RHP Emílio Torres
|
|
Batting: RHB Brad Ravenshaw
|
0-0: Ball 1-0: Fielders Choice at 2nd, 5-4 (Groundball, 56)
|
Bottom of the 9th over - 2 run(s), 3 hit(s), 0 error(s), 0 left on base; Clemson 23 - Texas Christian 10 |
|